 Dungeon Crawl Stone Soup version 0.23-a0-175-g97aacdb (webtiles) character file.

34 Amnesiac the Insei (level 3, -1/25 HPs)
             Began as a Vampire Transmuter on Sept 17, 2018.
             Slain by a worker ant (4 damage)
             ... on level 4 of the Dungeon.
             The game lasted 00:05:05 (1154 turns).

Amnesiac the Insei (Vampire Transmuter)             Turns: 1154, Time: 00:05:06

Health: -1/25      AC:  0    Str:  9    XL:     3   Next: 14%
Magic:  6/6        EV: 20    Int: 16    God:
Gold:   15         SH:  0    Dex: 19    Spells: 3/6 levels left

rFire    . . .     SeeInvis +     - Unarmed
rCold    + . .     Gourm    .   (shield currently unavailable)
rNeg     + + .     Faith    .   (armour currently unavailable)
rPois    +         Spirit   .   (helmet currently unavailable)
rElec    .         Reflect  .   (cloak currently unavailable)
rCorr    .         Harm     .   (gloves currently unavailable)
MR       .....                  (boots currently unavailable)
Stlth    ++++......             (no amulet)
HPRegen  0.04/turn              (ring currently unavailable)
MPRegen  0.10/turn              (ring currently unavailable)

@: about to teleport, bat-form, flying, regenerating slowly, very quick
A: tiny, fangs 3, see invisible
a: End Transformation


You were on level 4 of the Dungeon.
You were thirsty.
You were in vampire-bat-form.
You visited 1 branch of the dungeon, and saw 5 of its levels.

You collected 63 gold pieces.
You spent 48 gold pieces at shops.

Inventory:

Missiles
 a - 12 arrows
Armour
 b - a +0 robe (melded)
 g - a +0 pair of gloves (melded)
 h - a +0 pair of boots (melded)
Jewellery
 n - a ring of magical power (melded)
Scrolls
 c - a scroll of remove curse {!r}
 e - a scroll of fog {!r}
 j - a scroll of enchant weapon {!r}
Potions
 d - 16 potions of blood {!q}
 f - a potion of curing {!q, unknown}
 k - a potion of heal wounds {!q, unknown}
 l - a potion of degeneration {!q, unknown}
 o - a potion of magic {!q, unknown}


   Skills:
 - Level 0.8 Fighting
 - Level 2.1 Dodging
 + Level 3.8 Unarmed Combat
 - Level 2.3 Spellcasting
 - Level 3.2 Transmutations


You had 3 spell levels left.
You knew the following spells:

 Your Spells              Type           Power        Failure   Level  Hunger
a - Beastly Appendage     Tmut           ##....       5%          1    #......
b - Sticks to Snakes      Tmut           ##......     9%          2    ###....

Your spell library contained the following spells:

 Spells                   Type           Power        Failure   Level  Hunger
 Spider Form              Tmut/Pois      #.........   30%         3    ###....
 Ice Form                 Ice/Tmut       #.......     71%         4    #####..
 Blade Hands              Tmut           ##........   83%         5    ######.


Dungeon Overview and Level Annotations

Branches:
Dungeon (5/15)
 Temple: D:4-7

Altars:
Ashenzari

Shops:
D:4 *


Innate Abilities, Weirdness & Mutations

You heal slowly.
You have razor-sharp teeth.
You have supernaturally acute eyesight. (SInv)
((You can survive without breathing.))


Message History

You hit the leopard gecko.
The leopard gecko is severely wounded.
The leopard gecko closely misses you.
You hit the leopard gecko.
The leopard gecko is almost dead.
The leopard gecko barely misses you.
The leopard gecko completely misses you.
Found a stone staircase leading down.
The leopard gecko barely misses you.
You hit the leopard gecko.
You kill the leopard gecko!
You hit the worker ant but do no damage.
You bite the worker ant, but do no damage.
The worker ant closely misses you. The worker ant misses you.
You hit the worker ant.
The worker ant is moderately wounded.
A quokka skeleton comes into view.
The worker ant bites you.
You hit the worker ant.
You bite the worker ant, but do no damage.
The worker ant is heavily wounded.
The worker ant bites you.
* * * LOW HITPOINT WARNING * * *
Found a stone staircase leading up.
You hit the worker ant but do no damage.
The worker ant is heavily wounded.
The worker ant bites you!
* * * LOW HITPOINT WARNING * * *
You hit the worker ant but do no damage.
The worker ant is heavily wounded.
The worker ant closely misses you.
There is a stone staircase leading down here.
Found Saejosk's Assorted Antiques.
There is a fountain of clear blue water here.
There is an entrance to Saejosk's Assorted Antiques here.
m - 2 scrolls labeled ISIUNA BOENTUDD {!r} (gained 1)
m - 3 scrolls labeled ISIUNA BOENTUDD {!r} (gained 1) Thank you for shopping at Saejosk's Assorted Antiques!
Unknown command.
There is a fountain of clear blue water here.
Okay, then.
Really read
c - 2 scrolls labeled XONILI QIYDU {!r}?
As you read the scroll labeled XONILI QIYDU {!r}, it crumbles to dust.
You feel blessed for a moment.
It was a scroll of remove curse {!r}.
Really read
e - a scroll labeled LOOLIMUCLE {!r}?
Okay, then.
Really read
m - 3 scrolls labeled ISIUNA BOENTUDD {!r}?
As you read the scroll labeled ISIUNA BOENTUDD {!r}, it crumbles to dust.
It is a scroll of identify.
e - a scroll of fog {!r} You can't go down here!
Press: ? - help, v - describe, . - travel Saejosk's Assorted Antiques.
Search for what [? for help]? shop Really read
m - 2 scrolls of identify {!r}?
As you read the scroll of identify {!r}, it crumbles to dust.
j - a scroll of enchant weapon {!r} Really read
m - a scroll of identify {!r}?
As you read the scroll of identify {!r}, it crumbles to dust.
i - a scroll of teleportation {!r} Really read
i - a scroll of teleportation {!r}?
As you read the scroll of teleportation {!r}, it crumbles to dust.
You feel strangely unstable. The worker ant bites you.
You die...

##### #...# #...#
####...# #8.8.8.#
#.⌠.b..# #8.∩a8.#
.###########.⌠.⌠..#
.........##8Z8.8.#
#...............#
#.........######
#.........#
#.......#.#
#####.........#


You could see a worker ant and a quokka skeleton.

Vanquished Creatures
  2 leopard geckos
  An orc (D:4)
  8 bats
  A giant cockroach (D:2)
  4 goblins
  5 hobgoblins
  4 kobolds
  A ball python (D:1)
  A frilled lizard (D:1)
  A rat (D:2)
28 creatures vanquished.

Notes
Turn   | Place    | Note
-------+----------+-------------------------------------------
     0 | D:1      | Amnesiac the Vampire Transmuter began the quest for the
                  | Orb.
     0 | D:1      | Reached XP level 1. HP: 14/14 MP: 3/3
   233 | D:1      | Reached XP level 2. HP: 20/20 MP: 5/5
   293 | D:1      | Found a shattered altar of Ashenzari.
   381 | D:1      | Learned a level 2 spell: Sticks to Snakes
   671 | D:2      | Reached XP level 3. HP: 11/25 MP: 6/6
   709 | D:3      | Noticed an ice beast
   735 | D:5      | Entered Level 5 of the Dungeon
  1140 | D:4      | Found Saejosk's Assorted Antiques.
  1149 | D:4      | Bought a scroll labeled ISIUNA BOENTUDD for 24 gold pieces
  1149 | D:4      | Bought a scroll labeled ISIUNA BOENTUDD for 24 gold pieces
  1154 | D:4      | Slain by a worker ant

Vault maps used:
D:1:      wheals_arrival_shading, minmay_misc_feat_chi, ashenzari_altar_1
D:2:      nemelex_xobeh_ov_fountains_minmay, first_ration,
          minmay_small_reverse_x
D:3:      nicolae_overflow_hidden_temple, lemuel_doored_altar,
          lemuel_crystal_altar, corexii_item_surrounded_by_moat
D:4:      serial_shops, nicolae_shop_temple_entry_statues_fountains,
          nrook_mini_vaults
D:5:      tgw_kikubaaqudgha

Skill      XL: |  1  2 |
---------------+-------+-----
Transmutations | 3 |  3.2
Fighting       | |  0.8
Dodging        | |  2.1
Unarmed Combat | |  3.8
Spellcasting   | |  2.3

Action                   || total
-------------------------++-------
Melee: Unarmed           ||    89
       Bite              ||    10
       Punch             ||     1
 Abil: Bat Form          ||     2
       End Transformatio ||     1
  Use: Scroll            ||     5
 Stab: Sleeping          ||     1
Armor: Robe              ||    32
Dodge: Dodged            ||    76

Table legend:
 A = Non-vault XP
 B = Vault XP
 C = Vault XP percentage of total XP
 D = Non-vault monster count
 E = Vault monster count
 F = Vault count percentage of total count
                 A         B        C        D         E       F
            +---------+---------+-------+---------+---------+-------
      Total |      49 |       0 |   0.0 |      28 |       0 |   0.0
            +---------+---------+-------+---------+---------+-------
        D:1 |      22 |       0 |   0.0 |      12 |       0 |   0.0
        D:2 |      19 |       0 |   0.0 |      13 |       0 |   0.0
        D:3 |       2 |       0 |   0.0 |       1 |       0 |   0.0
        D:4 |       6 |       0 |   0.0 |       2 |       0 |   0.0
            +---------+---------+-------+---------+---------+-------
